 Dungeon Crawl Stone Soup version 0.30.1-11-g7821555f0a (webtiles) character file.

Game seed: 6724167021794929589

173 Okkudo the Chopper (level 5, -2/48 HPs)
             Began as a Hill Orc Monk on Nov 28, 2023.
             Was a Believer of Beogh.
             Slain by a scorpion (5 damage)
             ... on level 4 of the Dungeon.
             The game lasted 00:14:37 (3158 turns).

Okkudo the Chopper (Hill Orc Monk)                  Turns: 3158, Time: 00:14:37

Health: -2/48      AC: 10    Str: 16    XL:     5   Next: 53%
Magic:  5/5        EV: 10    Int: 13    God:    Beogh [**....]
Gold:   198        SH:  0    Dex: 13    Spells: 4/4 levels left

rFire   . . .        a - +0 hand axe
rCold   . . .        d - orb {light}
rNeg    . . .        n - +0 scale mail
rPois   .            l - +1 helmet {Int+3}
rElec   .            t - +0 cloak
rCorr   .            (no gloves)
SInv    .            r - +0 pair of boots
Will    .....        m - amulet of faith Stlth
                     (no ring)
HPRegen 0.28/turn    (no ring)
MPRegen 0.09/turn

%: faith
@: lethally poisoned (-2 -> -3), about to teleport, glowing
A: no striking features
a: Renounce Religion, Smiting


You were on level 4 of the Dungeon.
You worshipped Beogh.
Beogh was pleased with you.
You visited 1 branch of the dungeon, and saw 4 of its levels.

You collected 198 gold pieces.

Inventory:

Hand Weapons
 a - a +0 hand axe (weapon)
Missiles
 s - 2 poisoned darts (quivered)
Armour
 d - an orb of light (worn)
 j - a +2 hat
 l - a +1 helmet of intelligence (worn)
 n - a +0 scale mail (worn)
 r - a +0 pair of boots (worn)
 t - a +0 cloak (worn)
Jewellery
 m - an amulet of faith (around neck)
Scrolls
 e - 2 scrolls of blinking
 k - a scroll of teleportation
 o - a scroll of enchant weapon
 p - a scroll of fog
Potions
 b - a potion of haste {unknown}
 c - a potion of degeneration {unknown}
 f - a potion of berserk rage {unknown}
 h - a potion of mutation {unknown}
 i - a potion of magic {unknown}


   Skills:
 + Level 5.1 Fighting
 * Level 7.0 Axes
 - Level 2.4 Dodging


You had 4 spell levels left.
You didn't know any spells.
Your spell library contained the following spells:

 Spells                   Type           Power      Damage    Failure   Level
 Iskenderun's Battlesphe  Conj           0%         2d6       100%        5
 Iron Shot                Conj/Erth      0%         9d1       100%        6
 Spellforged Servitor     Conj/Summ      0%         N/A       100%        7


Dungeon Overview and Level Annotations

Branches:
Dungeon (4/15)
 Temple: D:4-7

Altars:
Kikubaaqudgha
Trog

Shops:
D:4 :


Message History

You are no longer poisoned.
The scorpion stings you but does no damage. x2
You hit the scorpion.
The scorpion is lightly wounded.
The scorpion stings you but does no damage.
You hit the scorpion.
The scorpion is lightly wounded.
The scorpion stings you.
You are poisoned.
The scorpion poisons you!
You hit the scorpion.
The scorpion is moderately wounded.
You feel very sick. The scorpion barely misses you.
You hit the scorpion but do no damage.
The scorpion is moderately wounded.
You feel very sick. The scorpion misses you.
You feel sick. The scorpion barely misses you.
The scorpion attacks as you move away!
The scorpion stings you but does no damage.
You feel sick.
The orc wizard casts a spell.
The orc wizard flickers and vanishes!
The scorpion attacks as you move away! The scorpion stings you.
* * * LOW HITPOINT WARNING * * *
You feel sick.
As you read the scroll of teleportation, it crumbles to dust.
You feel strangely unstable.
You feel sick.
The scorpion stings you but does no damage.
The scorpion attacks as you move away!
The scorpion stings you but does no damage.
You feel sick.
The orc wizard casts a spell.
The orc wizard flickers and vanishes!
The scorpion attacks as you move away! The scorpion stings you.
* * * LOW HITPOINT WARNING * * *
You feel sick. The scorpion closely misses you.
The scorpion attacks as you move away! The scorpion stings you.
You die...

##..h.....#.#.##.#
....h...og.......$
....####o.#.##. .#
....# ##h#. .+
.).h# #h# ...s#
#h# ....# #.# #
###.. #.########.#
#... #g)o..os@..#
...#. ############
#..... ......


You could see a scorpion, an orc wizard (invisible), a gnoll and an orc.

Vanquished Creatures
  Crazy Yiuf (D:3)
  Terence (D:3)
  Robin (D:3)
  2 adders (D:3)
  2 gnolls (D:4)
  A worm (D:2)
  A dart slug (D:3)
  2 orcs (D:4)
  2 endoplasms
  14 goblins
  7 hobgoblins
  8 jackals
  3 quokkas
  2 ball pythons
  4 bats
  2 frilled lizards
  2 kobolds
  9 rats
64 creatures vanquished.

Notes
Turn   | Place    | Note
-------+----------+-------------------------------------------
     0 | D:1      | Okkudo the Hill Orc Monk began the quest for the Orb.
     0 | D:1      | Reached XP level 1. HP: 19/19 MP: 1/1
   201 | D:1      | Reached XP level 2. HP: 27/27 MP: 2/2
   912 | D:2      | Reached skill level 5 in Axes
   915 | D:2      | Reached XP level 3. HP: 29/33 MP: 3/3
  1833 | D:3      | Noticed Terence
  1856 | D:3      | Killed Terence
  1857 | D:3      | Reached XP level 4. HP: 6/41 MP: 4/4
  2153 | D:3      | Found an ancient bone altar of Kikubaaqudgha.
  2153 | D:3      | Found a bloodstained altar of Trog.
  2170 | D:3      | Noticed Robin
  2183 | D:3      | Reached skill level 6 in Axes
  2247 | D:3      | Killed Robin
  2487 | D:3      | Reached XP level 5. HP: 47/47 MP: 5/5
  2636 | D:3      | Became a worshipper of Beogh the Brigand
  2636 | D:3      | Reached * piety under Beogh
  2636 | D:3      | Reached ** piety under Beogh
  2743 | D:3      | Found a runed translucent door.
  2744 | D:3      | Noticed Crazy Yiuf
  2758 | D:3      | Killed Crazy Yiuf
  3069 | D:4      | Found Yfaomyag's Book Shoppe.
  3100 | D:4      | Reached skill level 5 in Fighting
  3137 | D:4      | Reached skill level 7 in Axes
  3158 | D:4      | Slain by a scorpion

Illustrated notes

Levels and vault maps discovered:
D:1:      dpeg_arrival_castle, layout_loops_ring, serial_glass, glass_columns_b,
          glass_columns_a, feat_on_display, feat_on_display,
          minmay_strange_pillars, item_on_display_a, kennysheep_doodads
D:2:      layout_basic, serial_rivers, chequers_serial_rivers_micro_b,
          chequers_serial_rivers_micro_a, chequers_serial_rivers_large_a,
          chequers_serial_rivers_small_3, amethyst_killhole,
          minmay_split_cup_small
D:3:      layout_basic, mainiacjoe_overflow_divided_tiny, uniq_robin,
          uniq_crazy_yiuf_cottage, uniq_terence
D:4:      kennysheep_six_static_rooms, layout_basic,
          nicolae_elyvilon_peaceful_grove, minmay_temple_entry_statues,
          serial_shops, nicolae_stop_n_shop_2

Skill      XL: |  1  2  3  4  5 |
---------------+----------------+-----
Fighting       | 4 5 |  5.1
Axes           | 5 6 7 |  7.0
Dodging        | |  2.4

Action                     |  1- 3 |  4- 6 || total
---------------------------+-------+-------++-------
  Melee: Hand axe          |    96 |   112 ||   208
 Invoke: Convert to Beogh  |       |     1 ||     1
    Use: Potion            |     1 |     1 ||     2
         Scroll            |       |     6 ||     6
 Armour: Robe              |    19 |       ||    19
         Scale mail        |    18 |    78 ||    96
  Dodge: Dodged            |    58 |    77 ||   135
